 Dungeon Crawl Stone Soup version 0.19.4-12-gccf7e64 (webtiles) character file.

281 DarthCheeto the Spear-Bearer (level 6, -2/66 HPs)
             Began as a Merfolk Gladiator on Feb 27, 2017.
             Was a Believer of Nemelex Xobeh.
             Slain by Danteric's ghost (8 damage)
             ... on level 4 of the Dungeon.
             The game lasted 00:07:16 (3354 turns).

DarthCheeto the Spear-Bearer (Merfolk Gladiator)    Turns: 3354, Time: 00:07:16

Health: -2/66      AC:  9    Str: 22    XL:     6   Next: 27%
Magic:  8/8        EV:  9    Int:  8    God:    Nemelex Xobeh [**....]
Gold:   247        SH:  0    Dex: 14    Spells: 0 memorised, 5 levels left

rFire  . . .     SeeInvis .     a - +0 trident
rCold  . . .     Gourm    .     D - +0 chain mail
rNeg   . . .     Faith    .     (no shield)
rPois  .         Spirit   .     c - +0 helmet
rElec  .         Reflect  .     (no cloak)
rCorr  .         Harm     .     (no gloves)
MR     .....                    (no boots)
Stlth  ..........               (no amulet)
                                (no ring)
                                (no ring)

@: berserking (expiring), very quick
A: change form in water, swift swim, stealthy swim
a: Renounce Religion


You were on level 4 of the Dungeon.
You worshipped Nemelex Xobeh.
Nemelex Xobeh was pleased with you.
You were not hungry.

You visited 1 branch of the dungeon, and saw 4 of its levels.

You collected 247 gold pieces.

Inventory:

Hand Weapons
 a - a +0 trident (weapon)
Missiles
 d - 3 throwing nets (quivered)
Armour
 c - a +0 helmet (worn)
 D - a +0 chain mail (worn)
Jewellery
 E - an uncursed ring of fire
 F - an uncursed ring of protection from cold {unknown}
Scrolls
 e - a scroll of recharging {unknown}
 g - a scroll of identify {unknown}
 i - a scroll of remove curse {unknown}
 q - a scroll of teleportation {unknown}
 s - a scroll of fear {unknown}
 y - a scroll of enchant armour {unknown}
Potions
 b - a potion of mutation {unknown}
 j - 6 potions of curing {unknown}
 l - a potion of heal wounds {unknown}
 m - a potion of berserk rage
 o - 2 potions of resistance {unknown}
 r - a potion of haste {unknown}
 t - a potion of invisibility {unknown}
 v - a potion of degeneration {unknown}
 x - a potion of brilliance {unknown}
 z - a potion of cure mutation {unknown}
 C - a potion of lignification {unknown}
Miscellaneous
 n - an ornate deck of escape {drawn: 1}
 u - a plain deck of summoning
 B - a plain deck of summoning
Comestibles
 f - 3 bread rations
 h - 2 slices of pizza
 k - 2 meat rations
 p - 2 royal jellies
 w - 2 fruits
 A - a beef jerky
 G - 3 chunks of flesh


   Skills:
 - Level 2.1 Fighting
 + Level 8.8 Polearms
 - Level 2.0 Throwing
 - Level 4.0 Dodging
 + Level 3.1 Invocations


You had 5 spell levels left.
You didn't know any spells.

Dungeon Overview and Level Annotations

Branches:
Dungeon (4/15)
 Temple: D:4-7

Altars:
Dithmenos
Nemelex Xobeh
Zin

Annotations:
D:4 Danteric's ghost, amateur MiFi


Message History

The orc hits you with a flail.
* * * LOW HITPOINT WARNING * * *
You barely miss Danteric's ghost.
Danteric's ghost is heavily damaged.
Danteric's ghost hits you but does no damage.
You closely miss Danteric's ghost.
Danteric's ghost is heavily damaged.
You feel sick.
You are no longer poisoned.
The orc hits you with a flail.
* * * LOW HITPOINT WARNING * * *
You barely miss Danteric's ghost.
Danteric's ghost is heavily damaged.
Danteric's ghost hits you!
* * * LOW HITPOINT WARNING * * *
You hit Danteric's ghost.
Danteric's ghost is heavily damaged.
The orc barely misses you. Danteric's ghost hits you!
You die...
Your body glows slightly and disappears.

... ## .. ##. .. #..
. .######### #..
..#######........#
#..
..................
#..
......o##........#
##.
......W@#..†.....# #.
##########.####...#
#. ..###...##.#### #
#. ..............# #.
..............# #.
.................# #.
.................# #.
.................# #.
#....###...####+###+#
##+####


You could see Danteric's ghost and an orc.

Vanquished Creatures
  An orc priest (D:4)
  Jessica (D:3)
  Natasha (twice) (D:3)
  An iguana (D:3)
  5 adders
  2 oozes
  4 worms
  2 dart slugs (D:1)
  A leopard gecko (D:1)
  An orc (D:4)
  2 giant cockroaches (D:3)
  5 goblins
  12 hobgoblins
  9 jackals
  3 ball pythons
  8 bats
  8 frilled lizards
  9 kobolds
  A quokka skeleton (D:4)
  9 rats
  A fungus (D:2)
87 creatures vanquished.

Notes
Turn   | Place    | Note
-------+----------+-------------------------------------------
     0 | D:1      | DarthCheeto the Merfolk Gladiator began the quest for the Orb.
     0 | D:1      | Reached XP level 1. HP: 16/16 MP: 1/1
   280 | D:1      | Reached skill level 5 in Polearms
   283 | D:1      | Reached XP level 2. HP: 22/22 MP: 2/2
   776 | D:1      | Reached skill level 6 in Polearms
   776 | D:1      | Reached XP level 3. HP: 27/27 MP: 3/3
  1335 | D:2      | Reached XP level 4. HP: 33/33 MP: 4/4
  1339 | D:2      | Reached skill level 7 in Polearms
  1610 | D:2      | Found a glowing silver altar of Zin.
  1959 | D:2      | Found a sparkling altar of Nemelex Xobeh.
  2009 | D:3      | Found a faded altar of an unknown god.
  2030 | D:3      | Became a worshipper of Nemelex Xobeh the Trickster
  2030 | D:3      | Received a gift from Nemelex Xobeh
  2030 | D:3      | Reached * piety under Nemelex Xobeh
  2030 | D:3      | Received a gift from Nemelex Xobeh
  2112 | D:3      | Noticed Jessica
  2117 | D:3      | Killed Jessica
  2117 | D:3      | Reached skill level 8 in Polearms
  2117 | D:3      | Reached skill level 1 in Invocations
  2117 | D:3      | Reached XP level 5. HP: 38/38 MP: 5/5
  2416 | D:3      | Found a shadowy altar of Dithmenos.
  2635 | D:3      | Noticed Natasha
  2642 | D:3      | Killed Natasha
  2655 | D:3      | Noticed Natasha
  2673 | D:3      | Killed Natasha
  2938 | D:3      | Received a gift from Nemelex Xobeh
  2981 | D:3      | Reached XP level 6. HP: 44/44 MP: 7/7
  3237 | D:4      | Reached ** piety under Nemelex Xobeh
  3330 | D:4      | Noticed Danteric's ghost (amateur MiFi)
  3354 | D:4      | Slain by Danteric's ghost

Skill      XL: |  1  2  3  4  5  6 |
---------------+-------------------+-----
Polearms       | 5 6 8 |  8.8
Invocations    | 1 2 3 |  3.1
Fighting       | |  2.1
Throwing       | |  2.0
Dodging        | |  4.0

Action                   |  1- 3 |  4- 6 || total
-------------------------+-------+-------++-------
Melee: Trident           |    97 |   201 ||   298
Evoke: Deck              |       |     1 ||     1
  Use: Potion            |       |     1 ||     1
 Stab: Sleeping          |       |     2 ||     2
  Eat: Chunk             |     1 |     7 ||     8
Armor: Leather armour    |    13 |    24 ||    37
       Scale mail        |       |    16 ||    16
       Chain mail        |       |    17 ||    17
Dodge: Dodged            |    34 |    71 ||   105
